 Dungeon Sprint DCSS version 0.28.0-53-g5a82cb258f (webtiles) character file.

Game seed: 115463522684692418

6400000 Zeld the Conqueror (level 24, -44/208 HPs)
             Began as a Djinni Monk on May 27, 2022.
             Was the Champion of Makhleb.
             Annihilated by The Servant
             ... wielding a +9 glaive of flaming
              (80 damage)
             ... in the Dungeon (Sprint VIII: "Arena of Blood").
             The game lasted 00:01:54 (64 turns).

Zeld the Conqueror (Djinni Monk)                      Turns: 64, Time: 00:01:54

Health: -44/208    AC:  3    Str: 18    XL:     24   Next: 30%
Gold:   0          EV: 30    Int: 14    God:    Makhleb [******] SH:  0 Dex: 18

rFire   + + .      SeeInvis .   g - +∞ Axe of Woe
rCold   x . .      Faith    .   (shield currently unavailable)
rNeg    . . .      Spirit   .   a - +0 robe
rPois   ∞          Reflect  .   (no helmet)
rElec   .          Harm     .   (no cloak)
rCorr   .          Rampage  .   (no gloves)
Will    ++...      NoTele   +   (boots unavailable)
Stlth   ++........              (no amulet)
HPRegen 0.44/turn               (no ring)
MPRegen 0.00/turn               (no ring)

@: disjoining, flying
A: sickness immunity, fire resistance 2, cold vulnerability 1, float, innate
caster, HP casting, extra vitality 1
a: Renounce Religion, Minor Destruction, Lesser Servant of Makhleb, Major
Destruction, Greater Servant of Makhleb


You were in the Dungeon.
You worshipped Makhleb.
Makhleb was exalted by your worship.
You visited 1 branch

Inventory:

Hand Weapons
 g - the +∞ Axe of Woe (weapon)
   (You found it in the Dungeon)
Armour
 a - a +0 robe (worn)
Scrolls
 f - a scroll of blinking
Potions
 b - a potion of curing
 c - a potion of heal wounds
 d - a potion of haste
 e - a potion of berserk rage


   Skills:
 O Level 27 Fighting
 + Level 18.1(21.1) Short Blades
 + Level 18.1(21.1) Long Blades
 O Level 27 Axes
 + Level 16.7(25.3) Maces & Flails
 + Level 16.7(25.3) Polearms
 + Level 17.2(22.9) Staves
 + Level 15.8(18.5) Slings
 + Level 15.8 Bows
 + Level 15.8 Crossbows
 + Level 15.8(18.5) Throwing
 + Level 18.6 Armour
 O Level 27 Dodging
 - Level 1.5 Stealth
 + Level 18.6 Shields
 - Level 3.0 Unarmed Combat
 O Level 27 Spellcasting
 O Level 27 Invocations
 + Level 18.6 Evocations


You had 24 spell levels left.
You knew the following spells:

 Your Spells              Type           Power      Damage    Failure   Level
a - Magic Dart            Conj           100%       1d8       0%          1
b - Ensorcelled Hibernat  Hex/Ice        100%       N/A       0%          2
c - Call Imp              Summ           76%        N/A       0%          2
d - Teleport Other        Tloc           76%        N/A       0%          3
e - Irradiate             Conj/Tmut      38%        3d26      0%          5
f - Agony                 Necr           76%        N/A       0%          5
g - Eringya's Noxious Bo  Tmut/Pois      38%        N/A       0%          6
h - Simulacrum            Ice/Necr       38%        N/A       0%          6
i - Ozocubu's Refrigerat  Ice            38%        4d12      1%          7
j - Lehudib's Crystal Sp  Conj/Erth      38%        10d9      1%          8
k - Disjunction           Tloc           38%        N/A       1%          8
Your spell library was empty.

Dungeon Overview and Level Annotations

Branches:
Dungeon (1/1)

Altars:
Makhleb

Annotations:
D The Captor, The Servant


Innate Abilities, Weirdness & Mutations

You are immune to sickness and miasma.
You are immune to poison.
Your flesh is very heat resistant. (rF++)
You are vulnerable to cold. (rC-)
You float through the air rather than walking.
You learn spells naturally, not from books.
Your magical power is your life essence.
You have superior vitality. (+4 MHP)


Message History

Your base Short Blades skill increases to level 18!
Your base Long Blades skill increases to level 18!
Your base Staves skill increases to level 17!
A meat berserker and a sculptor of flesh come into view.
Unknown command.
You are too injured to fight recklessly!
The web tears apart.
The accursed blinks!
The Captor blinks!
The meat berserker blinks! x3
The meat berserker shouts!
The meat beast trumpets, "Escape if wit thou hast!"
You hear a shout!
A meat beast comes into view.
The meat berserker rages.
You hear a shout!
A meat berserker comes into view. It is wielding a +9 battleaxe. x2
You hear a shout! x3
An accursed comes into view.
A sculptor of flesh comes into view. It is wielding a +9 great sword.
You hear a shout! x2
The meat beast roars, "Turn tail, thou churlish rump-fed bugbear!"
The meat beast bites you! The meat beast tramples you!
You are shoved backwards!
A bag of meat and a meat berserker come into view.
The meat beast moves out of view.
The accursed moves out of view.
You hear a shout! x2; You hear two shouts!
You hear a shout!
Unknown command.
Unknown command.
You are too injured to fight recklessly!
Unknown command.
You slice the meat beast!!
You fatally mangle the meat beast.
You kill the meat beast!
Makhleb accepts your kill.
The meat berserker blinks! x3
You hear a shout! x2
The tyrant waves its bony arms in wide circles.
The air twists around and strikes you!!!
* * * LOW HITPOINT WARNING * * *
You hear a shout!
The Servant hits you from afar with a +9 glaive of flaming!!!!
You die...

#.... .# #... #.O.
..# ....###...
..###.
X.O....oO###......
.#.....O.._.......
..z....#o))).#....
..O.§@X#_)<)_# .
..O....#)))).#...
#.§oO.@○O_.....§
.zL.oo.O.###...§..
.oX.###.)§z...###.
.o. #O.§..z.# @
#X...O..#
...O.o....
.....2..W..
.........M.
.......M...#


You could see an accursed, a tentacled monstrosity (summoned), a meat beast
(fast), a tyrant, The Servant, 4 sculptors of flesh, 3 large abominations, a
dread, The Captor (fast), 11 meat berserkers and 7 bags of meat.

Vanquished Creatures
  A hell beast (D)
  4 vampire knights (D)
  17 ogres (D)
  3 two-headed ogres (D)
  A lich (D)
  21 orcs (D)
  3 skeletal warriors (D)
50 creatures vanquished.

Notes
Turn   | Place    | Note
-------+----------+-------------------------------------------
     0 | D        | Found the +∞ Axe of Woe
     0 | D        | Zeld the Djinni Monk began the quest for the Orb.
     0 | D        | Reached XP level 1. HP: 20/20 MP: 0/0
     2 | D        | Noticed a bag of meat
     4 | D        | Became a worshipper of Makhleb the Destroyer
     4 | D        | Reached * piety under Makhleb
     4 | D        | Reached ** piety under Makhleb
     5 | D        | Noticed a bag of meat
     5 | D        | Noticed a bag of meat
     5 | D        | Noticed a bag of meat
     8 | D        | Noticed a meat berserker
     9 | D        | Noticed a meat berserker
     9 | D        | Noticed a bag of meat
    10 | D        | Killed a bag of meat
    10 | D        | Noticed a meat berserker
    10 | D        | Noticed a bag of meat
    11 | D        | Reached XP level 2. HP: 40/40 MP: 0/0
    11 | D        | Reached XP level 3. HP: 45/45 MP: 0/0
    11 | D        | Learned a level 1 spell: Magic Dart
    11 | D        | Reached XP level 4. HP: 51/51 MP: 0/0
    11 | D        | Reached XP level 5. HP: 57/57 MP: 0/0
    11 | D        | Learned a level 2 spell: Ensorcelled Hibernation
    11 | D        | Reached XP level 6. HP: 63/63 MP: 0/0
    11 | D        | Reached XP level 7. HP: 68/68 MP: 0/0
    11 | D        | Learned a level 2 spell: Call Imp
    11 | D        | Reached XP level 8. HP: 75/75 MP: 0/0
    11 | D        | Reached XP level 9. HP: 80/80 MP: 0/0
    11 | D        | Learned a level 3 spell: Teleport Other
    11 | D        | Reached XP level 10. HP: 86/86 MP: 0/0
    11 | D        | Reached XP level 11. HP: 92/92 MP: 0/0
    11 | D        | Learned a level 5 spell: Irradiate
    11 | D        | Noticed a meat berserker
    11 | D        | Killed a bag of meat
    12 | D        | Reached skill level 10 in Spellcasting
    12 | D        | Reached XP level 12. HP: 101/101 MP: 0/0
    12 | D        | Killed a meat berserker
    13 | D        | Reached XP level 13. HP: 112/112 MP: 0/0
    13 | D        | Learned a level 5 spell: Agony
    13 | D        | Killed a bag of meat
    13 | D        | Reached *** piety under Makhleb
    13 | D        | Killed a meat berserker
    13 | D        | Noticed a bag of meat
    13 | D        | Noticed a bag of meat
    13 | D        | Noticed a bag of meat
    14 | D        | Reached XP level 14. HP: 107/123 MP: 0/0
    14 | D        | Killed a meat berserker
    14 | D        | Noticed a meat berserker
    14 | D        | Noticed a bag of meat
    14 | D        | Noticed a bag of meat
    15 | D        | Reached skill level 15 in Axes
    15 | D        | Reached XP level 15. HP: 132/132 MP: 0/0
    15 | D        | Learned a level 6 spell: Eringya's Noxious Bog
    15 | D        | Noticed a meat berserker
    16 | D        | Killed a meat berserker
    16 | D        | Reached **** piety under Makhleb
    16 | D        | Noticed a meat berserker
    16 | D        | Noticed a meat berserker
    17 | D        | Reached skill level 15 in Spellcasting
    17 | D        | Reached XP level 16. HP: 142/142 MP: 0/0
    19 | D        | Killed a meat berserker
    19 | D        | Reached ***** piety under Makhleb
    19 | D        | Noticed a large bag of meat
    20 | D        | Reached XP level 17. HP: 130/153 MP: 0/0
    20 | D        | Learned a level 6 spell: Simulacrum
    20 | D        | Killed a meat berserker
    20 | D        | Noticed a destroyer
    20 | D        | Noticed a destroyer
    21 | D        | Killed a meat berserker
    21 | D        | Killed a meat berserker
    21 | D        | Noticed a meat berserker
    22 | D        | Reached skill level 27 in Fighting
    22 | D        | Reached skill level 27 in Dodging
    22 | D        | Reached XP level 18. HP: 167/167 MP: 0/0
    23 | D        | Reached ****** piety under Makhleb
    24 | D        | Reached XP level 19. HP: 174/174 MP: 0/0
    24 | D        | Learned a level 7 spell: Ozocubu's Refrigeration
    24 | D        | Killed a destroyer
    24 | D        | Killed a destroyer
    25 | D        | Reached skill level 27 in Axes
    25 | D        | Reached skill level 27 in Invocations
    27 | D        | Killed a meat berserker
    28 | D        | Reached XP level 20. HP: 181/181 MP: 0/0
    28 | D        | Noticed a large bag of meat
    28 | D        | Noticed a meat berserker
    29 | D        | Noticed a meat berserker
    30 | D        | Killed a large bag of meat
    30 | D        | Noticed a meat berserker
    31 | D        | Reached skill level 27 in Spellcasting
    32 | D        | Reached skill level 5 in Short Blades
    32 | D        | Reached skill level 5 in Long Blades
    32 | D        | Reached skill level 5 in Staves
    32 | D        | Reached skill level 5 in Armour
    32 | D        | Reached skill level 5 in Shields
    32 | D        | Reached skill level 5 in Evocations
    32 | D        | Noticed a meat berserker
    33 | D        | Reached skill level 5 in Maces & Flails
    33 | D        | Reached skill level 5 in Polearms
    33 | D        | Reached skill level 5 in Slings
    33 | D        | Reached skill level 5 in Bows
    33 | D        | Reached skill level 5 in Crossbows
    33 | D        | Reached skill level 5 in Throwing
    33 | D        | Killed a large bag of meat
    34 | D        | Killed a meat berserker
    35 | D        | Reached XP level 21. HP: 181/187 MP: 0/0
    35 | D        | Learned a level 8 spell: Lehudib's Crystal Spear
    36 | D        | Killed a meat berserker
    37 | D        | Reached skill level 10 in Short Blades
    37 | D        | Reached skill level 10 in Long Blades
    37 | D        | Reached skill level 10 in Armour
    37 | D        | Reached skill level 10 in Shields
    37 | D        | Reached skill level 10 in Evocations
    37 | D        | Noticed a large bag of meat
    37 | D        | Noticed a destroyer
    38 | D        | Killed a meat berserker
    38 | D        | Killed a meat berserker
    38 | D        | Noticed a meat berserker
    39 | D        | Reached skill level 10 in Slings
    39 | D        | Reached skill level 10 in Bows
    39 | D        | Reached skill level 10 in Crossbows
    39 | D        | Reached skill level 10 in Throwing
    39 | D        | Reached XP level 22. HP: 194/194 MP: 0/0
    39 | D        | Noticed a meat berserker
    45 | D        | Killed a meat berserker
    45 | D        | Noticed a meat berserker
    45 | D        | Noticed a meat berserker
    47 | D        | Killed a large bag of meat
    48 | D        | Noticed a destroyer
    48 | D        | Noticed an accursed
    49 | D        | Killed a destroyer
    49 | D        | Noticed a tyrant
    50 | D        | Reached skill level 15 in Short Blades
    50 | D        | Reached skill level 15 in Long Blades
    50 | D        | Reached skill level 15 in Armour
    50 | D        | Reached skill level 15 in Shields
    50 | D        | Reached skill level 15 in Evocations
    50 | D        | Reached XP level 23. HP: 196/201 MP: 0/0
    50 | D        | Learned a level 8 spell: Disjunction
    52 | D        | Killed a destroyer
    53 | D        | Reached skill level 15 in Staves
    53 | D        | Noticed The Servant
    53 | D        | Noticed a tyrant
    56 | D        | Killed a tyrant
    57 | D        | Reached skill level 15 in Maces & Flails
    57 | D        | Reached skill level 15 in Polearms
    58 | D        | Noticed The Captor
    58 | D        | Noticed a meat beast
    60 | D        | Reached skill level 15 in Slings
    60 | D        | Reached skill level 15 in Bows
    60 | D        | Reached skill level 15 in Crossbows
    60 | D        | Reached skill level 15 in Throwing
    60 | D        | Noticed a dread
    62 | D        | Reached XP level 24. HP: 151/208 MP: 0/0
    63 | D        | Noticed a meat beast
    63 | D        | Noticed an accursed
    64 | D        | Killed a meat beast
    64 | D        | Annihilated by The Servant

Illustrated notes

Levels and vault maps discovered:
D:        meatsprint

Skill      XL: |  1  2  3  4  5  6  7  8  9 10 11 12 13 14 15 16 17 18 19 20 21 22 23 24 |
---------------+-------------------------------------------------------------------------+-----
Fighting       | 13 14 17 19 20 22 24 27 | 27.0
Axes           | 9 11 12 14 15 17 19 25 26 27 | 27.0
Dodging        | 14 16 18 20 21 23 25 27 | 27.0
Spellcasting   | 8 10 11 13 14 15 16 19 20 26 27 | 27.0
Invocations    | 11 12 14 17 18 19 21 24 25 27 | 27.0
Short Blades   | 9 12 15 17 18 | 18.1
Long Blades    | 9 12 15 17 18 | 18.1
Maces & Flails | 8 11 14 16 | 16.7
Polearms       | 8 11 14 16 | 16.7
Staves         | 8 11 14 16 17 | 17.2
Slings         | 7 10 13 15 | 15.8
Bows           | 7 10 13 15 | 15.8
Crossbows      | 7 10 13 15 | 15.8
Throwing       | 7 10 13 15 | 15.8
Armour         | 9 12 15 18 | 18.6
Shields        | 9 12 15 18 | 18.6
Evocations     | 9 12 15 18 | 18.6
Stealth        | |  1.5
Unarmed Combat | |  3.0

Action                   |  1- 3 |  4- 6 |  7- 9 | 10-12 | 13-15 | 16-18 | 19-21 | 22-24 || total
-------------------------+-------+-------+-------+-------+-------+-------+-------+-------++-------
Melee: Executioner's axe |     1 |       |       |     2 |     3 |     6 |    10 |    14 ||    36
 Cast: Eringya's Noxious |       |       |       |       |     1 |     1 |       |       ||     2
       Ozocubu's Refrige |       |       |       |       |       |       |     2 |       ||     2
       Teleport Other    |       |       |       |       |       |       |     1 |       ||     1
       Lehudib's Crystal |       |       |       |       |       |       |       |     1 ||     1
       Disjunction       |       |       |       |       |       |       |       |     2 ||     2
Dodge: Dodged            |       |       |       |     1 |       |       |       |       ||     1
